 Dungeon Crawl Stone Soup version 0.28-a0-194-g42b4daccc1 (webtiles) character file.

Game seed: 10187051993909669497

4531 Nattfarinn the Nimble (level 10, -8/85 HPs)
             Began as a Deep Dwarf Necromancer on Aug 18, 2021.
             Was a Priest of Makhleb.
             Mangled by a catoblepas (22 damage)
             ... on level 8 of the Dungeon.
             The game lasted 00:30:01 (11431 turns).

Nattfarinn the Nimble (Deep Dwarf Necromancer)     Turns: 11431, Time: 00:30:02

Health: -8/85      AC: 10    Str: 15    XL:     10   Next: 17%
Magic:  2/19       EV: 16    Int: 18    God:    Makhleb [***...]
Gold:   592        SH:  5    Dex: 17    Spells: 17/21 levels left

rFire   . . .      SeeInvis +   J - +7 falchion of the Undead {freeze, Drain Str+2 Dex+4 SInv}
rCold   . . .      Faith    .   (no shield)
rNeg    + . .      Spirit   .   r - +0 ring mail
rPois   .          Reflect  +   y - +1 helmet
rElec   .          Harm     .   (no cloak)
rCorr   .          Rampage  .   (no gloves)
Will    +....                   e - +0 pair of boots
Stlth   ++........              l - amulet of reflection
HPRegen 0.00/turn               d - ring of positive energy
MPRegen 0.16/turn               (no ring)

@: very slightly contaminated
A: damage resistance, heal wounds, sense surroundings 2, no regeneration
a: Heal Wounds, Renounce Religion, Minor Destruction, Lesser Servant of Makhleb


You were on level 8 of the Dungeon.
You worshipped Makhleb.
Makhleb was most pleased with you.
You visited 2 branches of the dungeon, and saw 9 of its levels.

You collected 592 gold pieces.

Inventory:

Hand Weapons
 c - a +4 short sword of flaming
 s - a +1 trident of pain
 J - the +7 falchion of the Undead (weapon) {freeze, Drain Str+2 Dex+4 SInv}
   (You took it off an orc wizard on level 7 of the Dungeon)

   It freezes those it strikes, dealing additional cold damage.
   It can also slow down cold-blooded creatures.
   Str:       It affects your strength (+2).
   Dex:       It affects your dexterity (+4).
   SInv:      It lets you see invisible.
   Drain:     It drains your maximum health when unequipped.
Missiles
 g - a throwing net
 H - 4 curare-tipped darts (quivered)
Armour
 a - a +0 robe
 e - a +0 pair of boots (worn)
 r - a +0 ring mail (worn)
 t - the +1 robe "Dytekoll" {rPois}
   (You found it on level 5 of the Dungeon)

   rPois:     It protects you from poison.
 y - a +1 helmet (worn)
Jewellery
 d - a ring of positive energy (left hand)
 l - an amulet of reflection (around neck)
 G - a ring of fire
Wands
 p - a wand of polymorph (10)
 D - a wand of paralysis (11)
Scrolls
 f - 2 scrolls of fear
 j - 3 scrolls of amnesia
 k - a scroll of brand weapon
 o - 2 scrolls of enchant weapon
 v - a scroll of holy word
 x - a scroll of magic mapping {unknown}
 z - a scroll of immolation {unknown}
 F - a scroll of vulnerability {unknown}
 I - a scroll of fog {unknown}
Potions
 b - 3 potions of curing
 h - a potion of lignification {unknown}
 i - 2 potions of haste
 m - 2 potions of heal wounds {unknown}
 n - 2 potions of attraction {unknown}
 q - 2 potions of mutation {unknown}
 u - 2 potions of brilliance {unknown}
 w - a potion of degeneration {unknown}
 A - a potion of invisibility {unknown}
 B - a potion of might {unknown}
 C - a potion of flight {unknown}
 E - a potion of berserk rage {unknown}


   Skills:
 - Level 4.0 Fighting
 * Level 2.7 Long Blades
 - Level 7.2 Armour
 - Level 10.2 Dodging
 - Level 2.4 Stealth
 - Level 6.0 Spellcasting
 - Level 6.0 Necromancy


You had 17 spell levels left.
You knew the following spells:

 Your Spells              Type           Power      Damage    Failure   Level
a - Pain                  Necr           100%       1d9       1%          1
b - Vampiric Draining     Necr           13%        2d7       5%          3

Your spell library contained the following spells:

 Spells                   Type           Power      Damage    Failure   Level
 Animate Skeleton         Necr           54%        N/A       1%          1
 Sublimation of Blood     Necr           13%        N/A       2%          2
 Animate Dead             Necr           13%        N/A       17%         4
 Apportation              Tloc           10%        N/A       22%         1
 Blink                    Tloc           N/A        N/A       32%         2
 Wereblood                Tmut           5%         N/A       32%         2
 Agony                    Necr           27%        N/A       43%         5
 Call Canine Familiar     Summ           5%         N/A       54%         3
 Gell's Gravitas          Tloc           2%         N/A       54%         3
 Lesser Beckoning         Tloc           2%         N/A       54%         3
 Portal Projectile        Hex/Tloc       10%        N/A       54%         3
 Teleport Other           Tloc           5%         N/A       54%         3
 Leda's Liquefaction      Hex/Erth       2%         N/A       91%         4
 Alistair's Intoxication  Tmut/Pois      3%         N/A       99%         5
 Manifold Assault         Tloc           5%         N/A       99%         5
 Invisibility             Hex            2%         N/A       100%        6
 Storm Form               Tmut/Air       2%         N/A       100%        7
 Summon Hydra             Summ           2%         N/A       100%        7


Dungeon Overview and Level Annotations

Branches:
Dungeon (8/15)             Temple (1/1) D:6
   Lair: D:8-11

Altars:
Ashenzari
Elyvilon
Fedhas
Hepliaklqana
Kikubaaqudgha
Makhleb
Okawaru
Qazlal
Ru
Trog
Vehumet
Wu Jian
Xom
Yredelemnul
Zin
The Shining One


Innate Abilities, Weirdness & Mutations

You are resistant to damage.
You can heal yourself by infusing magical energy.
You passively map the area around you.
You do not regenerate.


Message History

You miscast Vampiric Draining.
You are very lightly contaminated with residual magic.
Nothing appears to happen.
The catoblepas barely misses you.
Unknown command.
You slash the catoblepas! You freeze the catoblepas.
The catoblepas is heavily wounded.
The catoblepas gores you but does no damage.
You don't have enough magic to cast this spell.
You hit the catoblepas but do no damage.
The catoblepas is heavily wounded.
The catoblepas completely misses you.
Unknown command.
Unknown command.
Throw: 6 darts (curare)
Press: ? - help, Q - select action, (/) - cycle Shift-Dir - straight line, f/p - catoblepas
Aim: a catoblepas (heavily wounded, 90% to hit)
You throw a curare-tipped dart.
The curare-tipped dart barely misses the catoblepas.
The catoblepas barely misses you.
You riposte.
You hit the catoblepas but do no damage.
The catoblepas is heavily wounded.
Throw: 5 darts (curare)
Press: ? - help, Q - select action, (/) - cycle Shift-Dir - straight line, f/p - catoblepas
Aim: a catoblepas (heavily wounded, 90% to hit)
You throw a curare-tipped dart.
The curare-tipped dart hits the catoblepas.
The catoblepas is poisoned.
The catoblepas convulses.
The catoblepas seems to slow down.
The catoblepas is severely wounded.
The catoblepas breathes a plume of calcifying dust at you.
The blast of calcifying dust hits you but does no damage.
The catoblepas gores you!!
* * * LOW HITPOINT WARNING * * *
Unknown command.
Unknown command.
You feel better.
You hit the catoblepas but do no damage.
The catoblepas is severely wounded.
The catoblepas gores you!!
You die...

#..#, ,#.. #..#..#
, #.. #..##..# ,
##.. ##..#..# #..#
#..#..# #...
##..#..# #...
#..##..#####..##..
#..#..#.....#..#..
#@§#.D....D....#..
#Y##...#####...##.
#C#o####...####)#.
#..##.........###.
#...Y†J.o.o...§§..
###.Y#T.h..##..#.#
#......#+###+#.#
#####..#, #.# ##.#
,#.#


You could see a catoblepas (very poisoned, slow) and a cyclops.

Vanquished Creatures
  A two-headed ogre (D:8)
  A troll (D:8)
  A hornet (D:8)
  Prince Ribbit (D:6)
  2 water moccasins
  Duvessa (D:5)
  A necrophage (D:7)
  An orc warrior (D:8)
  An ice beast (D:6)
  A sky beast (D:6)
  An ogre (D:5)
  3 centaurs
  A phantom (D:6)
  A kobold brigand (D:7)
  4 bullfrogs
  Dowan (D:5)
  A wyvern skeleton (D:6)
  7 killer bees
  3 wights (D:6)
  2 howler monkeys
  A centaur zombie (D:8)
  2 bullfrog zombies (D:6)
  5 orc priests
  3 hounds
  A centaur skeleton (D:5)
  A gnoll shaman (D:6)
  A jelly (D:8)
  3 bullfrog skeletons
  4 iguanas
  A hell rat (D:7)
  9 orc wizards
  A hound skeleton (D:5)
  Robin (D:3)
  11 gnolls
  10 river rats (D:7)
  5 adders
  2 worms (D:3)
  5 dart slugs
  21 orcs
  7 bats
  7 endoplasms
  7 giant cockroaches
  15 hobgoblins
  6 jackals (D:5)
  11 kobolds
  9 quokkas
  7 ball pythons
  2 frilled lizards
  16 goblins
  34 rats
243 creatures vanquished.

Vanquished Creatures (others)
  An ogre (D:5)
1 creature vanquished.

Grand Total: 244 creatures vanquished

Notes
Turn   | Place    | Note
-------+----------+-------------------------------------------
     0 | D:1      | Nattfarinn the Deep Dwarf Necromancer began the quest for
                  | the Orb.
     0 | D:1      | Reached XP level 1. HP: 15/15 MP: 3/3
   172 | D:1      | Reached XP level 2. HP: 17/22 MP: 1/5
   472 | D:1      | Reached skill level 5 in Necromancy
   848 | D:1      | Reached XP level 3. HP: 19/28 MP: 1/6
   852 | D:1      | Learned a level 3 spell: Vampiric Draining
  1791 | D:2      | You fall into a shaft and drop 1 floor!
  1801 | D:3      | Reached XP level 4. HP: 35/36 MP: 0/7
  2023 | D:3      | Noticed Robin
  2219 | D:3      | Killed Robin
  2424 | D:3      | Found a faded altar of an unknown god.
  2962 | D:3      | Found an ornate altar of the Wu Jian Council.
  3232 | D:4      | Reached skill level 1 in Armour
  3236 | D:4      | Reached XP level 5. HP: 22/43 MP: 2/9
  3371 | D:4      | Reached skill level 1 in Fighting
  3809 | D:4      | You fall into a shaft and drop 3 floors!
  3816 | D:7      | Reached XP level 6. HP: 49/52 MP: 6/10
  3929 | D:6      | Found a staircase to the Ecumenical Temple.
  3972 | Temple   | Entered the Ecumenical Temple
  4048 | Temple   | Became a worshipper of Makhleb the Destroyer
  4124 | D:6      | Reached skill level 5 in Armour
  4124 | D:6      | Reached XP level 7. HP: 38/61 MP: 1/11
  5051 | D:6      | Reached XP level 8. HP: 27/72 MP: 2/12
  5143 | D:6      | Found a radiant altar of Vehumet.
  5185 | D:5      | Entered Level 5 of the Dungeon
  5228 | D:5      | Reached skill level 3 in Dodging
  5236 | D:5      | Reached skill level 4 in Dodging
  5897 | D:5      | Identified the +1 robe "Dytekoll" {rPois}
  6341 | D:5      | Reached skill level 5 in Dodging
  6523 | D:5      | Reached * piety under Makhleb
  6534 | D:5      | Reached skill level 6 in Dodging
  6730 | D:5      | Noticed Dowan
  7068 | D:6      | Reached skill level 7 in Dodging
  7369 | D:6      | Noticed Prince Ribbit
  7376 | D:6      | Killed Prince Ribbit
  7377 | D:6      | Reached skill level 8 in Dodging
  7377 | D:6      | Gained mutation: You passively map the area around you.
                  | [Deep Dwarf growth]
  7377 | D:6      | Reached XP level 9. HP: 74/78 MP: 0/13
  7502 | D:6      | Found a glowing silver altar of Zin.
  8084 | D:7      | Reached skill level 9 in Dodging
  8432 | D:7      | Reached ** piety under Makhleb
  8859 | D:7      | Reached skill level 10 in Dodging
  9238 | D:5      | Noticed Duvessa
  9249 | D:5      | Killed Duvessa
  9492 | D:5      | Killed Dowan
 10090 | D:8      | Found a white marble altar of Elyvilon.
 10217 | D:8      | Paralysed by a hornet for 1 turns
 10226 | D:8      | Reached *** piety under Makhleb
 10687 | D:8      | Noticed a two-headed ogre
 10690 | D:8      | Noticed a catoblepas
 10690 | D:8      | Noticed a troll
 10712 | D:8      | Killed a two-headed ogre
 10713 | D:8      | Reached skill level 5 in Spellcasting
 10713 | D:8      | Reached XP level 10. HP: 66/85 MP: 1/18
 10733 | D:8      | Identified the +7 falchion of the Undead {freeze, Drain
                  | Str+2 Dex+4 SInv}
 11417 | D:8      | Noticed a cyclops
 11429 | D:8      | HP: 3/85 [catoblepas (27)]
 11431 | D:8      | Mangled by a catoblepas

Illustrated notes

Levels and vault maps discovered:
D:1:      dpeg_arrival_round_a, layout_basic
D:2:      layout_basic
D:3:      layout_basic, pdpol_wu_jian_five_deadly_venoms,
          shapermc_ecumenical_altar_mp_highgroup, minmay_rat_hole, uniq_robin
D:4:      layout_cave_pools, kennysheep_cross_room, minmay_misc_feat_plants
D:5:      layout_basic, uniq_duvessa
D:6:      layout_loops_corners, zin_academy, overflow_temple_1_default,
          minmay_temple_entry_grid, st_stairs_1, dk_rats_in_the_wall,
          uniq_prince_ribbit1
D:7:      lemuel_ratsnest, layout_basic
D:8:      layout_basic, mainiacjoe_overflow_six_doors_small, elyvilon_altar_1,
          minmay_pinched_square
Temple:   cyrus_circular_temple

Skill      XL: |  1  2  3  4  5  6  7  8  9 10 |
---------------+-------------------------------+-----
Spellcasting   | 2 5 6 |  6.0
Necromancy     | 5 6 |  6.0
Armour         | 1 3 5 7 |  7.2
Fighting       | 1 2 4 |  4.0
Dodging        | 8 10 | 10.2
Long Blades    | 2 |  2.7
Stealth        | |  2.4

Action                   |  1- 3 |  4- 6 |  7- 9 | 10-12 || total
-------------------------+-------+-------+-------+-------++-------
Melee: Short sword       |    40 |   137 |   284 |    15 ||   476
       Trident           |       |       |    60 |       ||    60
       Falchion          |       |       |       |    16 ||    16
Throw: Dart              |       |       |       |     2 ||     2
 Cast: Pain              |    36 |       |       |       ||    36
       Vampiric Draining |    10 |    37 |   106 |    25 ||   178
Evoke: Wand              |       |       |     5 |       ||     5
  Use: Scroll            |       |       |    10 |     2 ||    12
       Potion            |       |       |       |     1 ||     1
 Stab: Sleeping          |     1 |     3 |     1 |       ||     5
       Petrified         |       |       |     4 |     1 ||     5
Armor: Robe              |     9 |    31 |     8 |       ||    48
       Ring mail         |       |       |   102 |    23 ||   125
Dodge: Dodged            |    38 |   125 |   248 |    30 ||   441
Block: Other             |       |    15 |   111 |    18 ||   144
       Reflection        |       |     1 |     1 |       ||     2
       Rpst.: Falchion   |       |       |       |     2 ||     2

Table legend: (Time is in decaauts)
 A = Elapsed time spent in this place.
 B = Non-inter-level travel time spent in this place.
 C = Inter-level travel time spent in this place.
 D = Time resting spent in this place.
 E = Time spent auto-exploring this place.
 F = Levels seen in this place.
 G = Mean time per level.
                   A        B        C        D        E       F      G
               +--------+--------+--------+--------+--------+-----+--------+
         Total |  11510 |  10759 |    751 |    967 |   7775 |   9 | 1278.9 |
       Dungeon |  11383 |  10647 |    736 |    934 |   7703 |   8 | 1422.9 |
        Temple |    127 |    112 |     15 |     33 |     72 |   1 |  127.0 |
               +--------+--------+--------+--------+--------+-----+--------+

Top non-repeatable levels by time:
     D:6: 2017 daAuts
     D:5: 1787 daAuts
     D:8: 1568 daAuts
     D:7: 1502 daAuts
     D:4: 1249 daAuts
     D:2: 1206 daAuts
     D:3: 1080 daAuts
     D:1: 972 daAuts
  Temple: 127 daAuts
